 Dungeon Crawl Stone Soup version 0.23.2-1-ga50397a (webtiles) character file.

Game seed: 7829132378669400525

423 Tursa the Archer (level 6, -10/51 HPs)
             Began as a Centaur Hunter on June 1, 2019.
             Was an Initiate of Okawaru.
             Shot with an arrow by a centaur (17 damage)
             ... on level 7 of the Dungeon.
             The game lasted 01:05:04 (6067 turns).

Tursa the Archer (Centaur Hunter)                   Turns: 6067, Time: 01:05:05

Health: -10/51     AC:  5    Str: 16    XL:     6   Next: 63%
Magic:  6/6        EV:  9    Int: 10    God:    Okawaru [......]
Gold:   125        SH:  0    Dex: 10    Spells: 5/5 levels left

rFire    . . .     SeeInvis .   a - +1 shortbow
rCold    . . .     Gourm    .   (shield currently unavailable)
rNeg     . . .     Faith    .   c - +0 leather armour
rPois    .         Spirit   .   (no helmet)
rElec    .         Reflect  .   j - +0 cloak
rCorr    .         Harm     .   (no gloves)
MR       .....                  (no barding)
Stlth    +.........             g - amulet of magic regeneration
HPRegen  0.17/turn              (no ring)
MPRegen  0.35/turn              (no ring)

@: very quick
A: large, hooves 3, deformed body, speed 2, tough skin 3
a: Renounce Religion


You were on level 7 of the Dungeon.
You worshipped Okawaru.
Okawaru was noncommittal.
You were not hungry.

You visited 2 branches of the dungeon, and saw 6 of its levels.

You collected 125 gold pieces.

Inventory:

Hand Weapons
 a - a +1 shortbow (weapon)
 b - a +0 short sword
 l - a +3 flail
Missiles
 k - 24 arrows (quivered)
Armour
 c - a +0 leather armour (worn)
 j - a +0 cloak (worn)
 q - a +0 pair of boots
Jewellery
 g - an amulet of magic regeneration (around neck)
Wands
 t - a wand of random effects (12)
 v - a wand of scattershot (6)
 x - a wand of clouds (6)
Scrolls
 d - a scroll of enchant armour {unknown}
 h - 4 scrolls of remove curse
 i - 2 scrolls of amnesia {unknown}
 m - 2 scrolls of teleportation {unknown}
 r - a scroll of fog {unknown}
 y - a scroll of magic mapping {unknown}
Potions
 e - a potion of invisibility {unknown}
 n - 2 potions of magic {unknown}
 o - a potion of lignification {unknown}
 p - 2 potions of heal wounds
 s - a potion of berserk rage {unknown}
 u - a potion of curing
 w - a potion of might {unknown}
Comestibles
 f - 5 rations


   Skills:
 + Level 3.1 Fighting
 - Level 1.0 Short Blades
 + Level 8.8 Bows
 + Level 1.7 Armour
 + Level 1.8 Dodging
 + Level 0.5 Stealth


You had 5 spell levels left.
You didn't know any spells.
Your spell library was empty.

Dungeon Overview and Level Annotations

Branches:
Dungeon (4/15)             Temple (1/1) D:4

Altars:
Ashenzari
Cheibriados
Dithmenos
Elyvilon
Fedhas
Gozag
Hepliaklqana
Makhleb
Nemelex Xobeh
Okawaru
Qazlal
Ru
Sif Muna
Trog
Uskayaw
Vehumet
Wu Jian
Xom
Yredelemnul
Zin
The Shining One


Innate Abilities, Weirdness & Mutations

You have hooves in place of feet.
Armour fits poorly on your strangely shaped body.
You cover ground very quickly.
You have extremely tough skin. (AC +3)


Message History

The floor.
A centaur comes into view.
The centaur shouts!
The centaur moves out of view.
The centaur wields a +0 shortbow.
The centaur shoots an arrow.
The arrow hits you!
Press: ? - help, . - travel You can't see that place.
The centaur shoots an arrow.
The arrow hits you!
You see here an arrow.
The centaur shoots an arrow.
The arrow hits you.
A phantom comes into view.
You see here an arrow.
The centaur shoots an arrow.
The arrow hits you!
You see here an arrow.
The centaur shoots an arrow.
The arrow hits you!
* * * LOW HITPOINT WARNING * * *
You see here an arrow.
The centaur shoots an arrow.
The arrow hits you!
You die...

#.c###...###..#
#............#
..
#.....(.....##
..#
#######.W...#
..# ##(...# #.#
#....# #.#
#.c..####.#
#..#.....#
##n##..@##
#.###(##
#(##.## #....#
####.# ###


You could see a phantom and a centaur.

Vanquished Creatures
  A phantom (D:4)
  A centaur skeleton (D:4)
  An orc wizard (D:3)
  Ijyb (D:3)
  A worker ant (D:2)
  A hound skeleton (D:2)
  An adder (D:2)
  8 gnolls (D:3)
  3 worms
  7 dart slugs
  3 leopard geckos
  11 orcs
  11 bats
  5 giant cockroaches
  9 goblins
  7 hobgoblins
  2 jackals (D:1)
  9 kobolds
  2 quokkas
  A ball python (D:1)
  8 frilled lizards
  A quokka skeleton (D:4)
  13 rats
107 creatures vanquished.

Notes
Turn   | Place    | Note
-------+----------+-------------------------------------------
     0 | D:1      | Tursa the Centaur Hunter began the quest for the Orb.
     0 | D:1      | Reached XP level 1. HP: 17/17 MP: 1/1
    87 | D:1      | Reached XP level 2. HP: 23/24 MP: 2/2
   204 | D:1      | Reached skill level 6 in Bows
   344 | D:1      | Reached XP level 3. HP: 20/29 MP: 3/3
  1038 | D:2      | Reached skill level 7 in Bows
  1556 | D:2      | Reached XP level 4. HP: 36/36 MP: 4/4
  2802 | D:3      | Noticed Ijyb
  3733 | D:3      | Reached XP level 5. HP: 42/42 MP: 5/5
  3750 | D:3      | Reached skill level 1 in Armour
  4044 | D:3      | Killed Ijyb
  4044 | D:3      | Reached skill level 8 in Bows
  4829 | D:3      | Reached skill level 1 in Short Blades
  4900 | D:3      | Reached XP level 6. HP: 50/50 MP: 6/6
  5420 | D:4      | Found a staircase to the Ecumenical Temple.
  5538 | Temple   | Entered the Ecumenical Temple
  5623 | Temple   | Became a worshipper of Warmaster Okawaru
  6043 | D:4      | You fall through a shaft for 3 floors!
  6067 | D:7      | Shot with an arrow by a centaur

Skill      XL: |  1  2  3  4  5  6 |
---------------+-------------------+-----
Bows           | 6 7 8 |  8.8
Armour         | 1 |  1.7
Short Blades   | 1 |  1.0
Fighting       | 3 |  3.1
Dodging        | |  1.8
Stealth        | |  0.5

Action                   |  1- 3 |  4- 6 || total
-------------------------+-------+-------++-------
Melee: Short sword       |    37 |    37 ||    74
       Kick              |     8 |    11 ||    19
 Fire: Shortbow          |    69 |   228 ||   297
  Use: Potion            |     1 |     2 ||     3
       Scroll            |     1 |       ||     1
  Eat: Ration            |     1 |     1 ||     2
       Chunk             |       |     5 ||     5
Armor: Leather armour    |    27 |    54 ||    81
Dodge: Dodged            |    30 |    80 ||   110
